 Dungeon Crawl Stone Soup version 0.24-a0-584-g9d6b971 (webtiles) character file.

Game seed: 1140514182669910810, levelgen mode: deterministic

676 pichaelthompson the Charmwright (level 7, -6/56 HPs)
             Began as a Gnoll Skald on Sept 4, 2019.
             Killed from afar by an orc wizard (9 damage)
             ... with a puff of flame
             ... on level 4 of the Dungeon.
             The game lasted 00:09:46 (3719 turns).

pichaelthompson the Charmwright (Gnoll Skald)       Turns: 3719, Time: 00:09:47

Health: -6/56      AC:  5    Str: 13    XL:     7   Next: 59%
Magic:  9/15       EV: 13    Int: 16    God:
Gold:   198        SH:  0    Dex: 16    Spells: 10/17 levels left

rFire    . . .     SeeInvis .   c - +0 trident
rCold    . . .     Gourm    .   (no shield)
rNeg     . . .     Faith    .   l - +0 ring mail
rPois    .         Spirit   .   (no helmet)
rElec    .         Reflect  .   (no cloak)
rCorr    .         Harm     .   (no gloves)
MR       .....                  (no boots)
Stlth    ++........             (no amulet)
HPRegen  1.18/turn              (no ring)
MPRegen  0.14/turn              (no ring)

@: very slightly contaminated, regenerating (expiring)
A: distributed training, fangs 1, strong nose
a: no special abilities


You were on level 4 of the Dungeon.
You were very hungry.

You visited 1 branch of the dungeon, and saw 4 of its levels.
You also visited: Sewer.

You collected 198 gold pieces.

Inventory:

Hand Weapons
 c - a +0 trident (weapon)
Armour
 l - a +0 ring mail (worn)
Wands
 t - a wand of random effects (13)
Scrolls
 b - a scroll of enchant weapon {unknown}
 e - 2 scrolls of enchant armour {unknown}
 g - 2 scrolls of blinking {unknown}
 k - 3 scrolls of immolation {unknown}
 n - 2 scrolls of identify {unknown}
 o - a scroll of magic mapping {unknown}
 s - 2 scrolls of remove curse {unknown}
 w - a scroll of teleportation {unknown}
 x - a scroll of fog {unknown}
Potions
 a - 4 potions of heal wounds {unknown}
 f - 7 potions of curing {unknown}
 h - a potion of lignification {unknown}
 i - a potion of degeneration {unknown}
 j - 2 potions of agility {unknown}
 m - 3 potions of flight {unknown}
 p - 2 potions of brilliance {unknown}
 q - a potion of haste {unknown}
 r - a potion of mutation {unknown}
 u - a potion of invisibility {unknown}
 v - a potion of might {unknown}
 z - a potion of cancellation {unknown}
Comestibles
 d - 4 rations


   Skills:
 + Level 5.2 Fighting
 + Level 2.5 Short Blades
 + Level 2.5 Long Blades
 + Level 2.5 Axes
 + Level 2.5 Maces & Flails
 + Level 5.2 Polearms
 + Level 2.5 Staves
 + Level 2.5 Slings
 + Level 2.5 Bows
 + Level 2.5 Crossbows
 + Level 2.5 Throwing
 + Level 3.6 Armour
 + Level 5.2 Dodging
 + Level 2.5 Stealth
 + Level 2.5 Shields
 + Level 2.5 Unarmed Combat
 + Level 5.6 Spellcasting
 + Level 2.0 Conjurations
 + Level 2.0 Hexes
 + Level 5.8 Charms
 + Level 2.0 Summonings
 + Level 2.0 Necromancy
 + Level 2.0 Translocations
 + Level 2.0 Transmutations
 + Level 2.0 Fire Magic
 + Level 2.0 Ice Magic
 + Level 2.0 Air Magic
 + Level 2.0 Earth Magic
 + Level 2.0 Poison Magic
 + Level 2.8 Invocations
 + Level 2.5 Evocations


You had 10 spell levels left.
You knew the following spells:

 Your Spells              Type           Power        Failure   Level  Hunger
a - Infusion              Chrm           ###.         2%          1    None
b - Spectral Weapon       Hex/Chrm       ###.....     17%         3    ##.....
c - Regeneration          Chrm/Necr      ###.......   17%         3    ##.....

Your spell library contained the following spells:

 Spells                   Type           Power        Failure   Level  Hunger
 Song of Slaying          Chrm           ###.....     4%          2    #......
 Shroud of Golubria       Chrm/Tloc      ###...       9%          2    #......


Dungeon Overview and Level Annotations

Branches:
Dungeon (4/15)              Sewer (visited)
 Temple: D:4-7

Altars:
Gozag
Wu Jian


Innate Abilities, Weirdness & Mutations

Your experience applies equally to all skills.
You have very sharp teeth.
Your uncanny sense of smell can sniff out nearby items.


Message History

The orc wizard gestures at you while chanting.
The puff of frost hits you!
* * * LOW HITPOINT WARNING * * *
Your skin is crawling a little less now.
The orc wizard closely misses you.
The orc priest invokes the aid of Beogh against you.
Beogh smites you!
* * * LOW HITPOINT WARNING * * *
The orc wizard hits you but does no damage.
Casting: Regeneration (safe; 17% risk of failure)
Confirm with . or Enter, or press ? or * to list all spells.
Okay, then.
Casting: Regeneration (safe; 17% risk of failure)
Confirm with . or Enter, or press ? or * to list all spells.
You miscast Regeneration.
You are very lightly contaminated with residual magic.
The orc wizard looks braver for a moment.
The orc wizard gestures at you while chanting.
The puff of flame hits you!
You die...

###################
#...o..oSO.........
#..o###############
#.@.# #...#####
#...#...# #.>.....+
##'#....####
#.#.......# ######
#.#.......# #....#
#.#.#######. #....#
#...........


You could see an orc wizard and an orc.

Vanquished Creatures
  2 big kobolds (Sewer)
  2 scorpions (D:4)
  A howler monkey (D:4)
  A jelly (D:4)
  3 orc wizards
  3 orc priests
  Ijyb (D:3)
  3 gnolls (D:2)
  3 adders
  A river rat (D:3)
  An ooze (Sewer)
  2 dart slugs
  2 leopard geckos
  10 orcs
  2 ball pythons (Sewer)
  2 giant cockroaches
  6 goblins
  8 hobgoblins
  7 jackals (D:2)
  2 quokkas
  12 bats
  7 frilled lizards
  16 kobolds
  12 rats
109 creatures vanquished.

Vanquished Creatures (others)
  A spectral weapon (D:3)
1 creature vanquished.

Grand Total: 110 creatures vanquished

Notes
Turn   | Place    | Note
-------+----------+-------------------------------------------
     0 | D:1      | pichaelthompson the Gnoll Skald began the quest for the
                  | Orb.
     0 | D:1      | Reached XP level 1. HP: 20/20 MP: 6/6
    94 | D:1      | Reached XP level 2. HP: 22/26 MP: 5/7
   448 | D:1      | Found an opulent altar of Gozag.
   536 | D:1      | Reached XP level 3. HP: 31/31 MP: 9/9
   653 | D:2      | Reached skill level 5 in Spellcasting
   827 | D:2      | Reached skill level 1 in Invocations
   866 | D:2      | Found an ornate altar of the Wu Jian Council.
  1036 | D:2      | Reached skill level 1 in Short Blades
  1036 | D:2      | Reached skill level 1 in Long Blades
  1036 | D:2      | Reached skill level 1 in Axes
  1036 | D:2      | Reached skill level 1 in Maces & Flails
  1036 | D:2      | Reached skill level 1 in Staves
  1036 | D:2      | Reached skill level 1 in Slings
  1036 | D:2      | Reached skill level 1 in Bows
  1036 | D:2      | Reached skill level 1 in Crossbows
  1036 | D:2      | Reached skill level 1 in Throwing
  1036 | D:2      | Reached skill level 1 in Stealth
  1036 | D:2      | Reached skill level 1 in Shields
  1036 | D:2      | Reached skill level 1 in Unarmed Combat
  1036 | D:2      | Reached skill level 1 in Evocations
  1058 | D:2      | Learned a level 3 spell: Spectral Weapon
  1062 | D:2      | Learned a level 3 spell: Regeneration
  1079 | D:2      | Reached XP level 4. HP: 38/38 MP: 4/11
  1710 | D:3      | Reached skill level 1 in Conjurations
  1710 | D:3      | Reached skill level 1 in Hexes
  1710 | D:3      | Reached skill level 1 in Summonings
  1710 | D:3      | Reached skill level 1 in Necromancy
  1710 | D:3      | Reached skill level 1 in Translocations
  1710 | D:3      | Reached skill level 1 in Transmutations
  1710 | D:3      | Reached skill level 1 in Fire Magic
  1710 | D:3      | Reached skill level 1 in Ice Magic
  1710 | D:3      | Reached skill level 1 in Air Magic
  1710 | D:3      | Reached skill level 1 in Earth Magic
  1710 | D:3      | Reached skill level 1 in Poison Magic
  1759 | D:3      | Reached XP level 5. HP: 20/43 MP: 2/12
  1935 | D:3      | Noticed Ijyb
  1947 | D:3      | Killed Ijyb
  1980 | D:3      | Found a glowing drain.
  1991 | Sewer    | Entered a sewer
  2024 | Sewer    | Noticed a big kobold
  2027 | Sewer    | Killed a big kobold
  2027 | Sewer    | Reached XP level 6. HP: 50/50 MP: 9/13
  2317 | Sewer    | Reached skill level 5 in Fighting
  2317 | Sewer    | Reached skill level 5 in Polearms
  2317 | Sewer    | Reached skill level 5 in Dodging
  3114 | D:4      | Reached XP level 7. HP: 49/56 MP: 15/15
  3717 | D:4      | HP: 1/56 [orc priest/divine providence (13)]
  3719 | D:4      | Killed from afar by an orc wizard

Levels and vault maps discovered:
D:1:      dpeg_arrival_rooms_a, layout_basic, minivault_26,
          kennysheep_flooded_box
D:2:      layout_loops_ring, nicolae_overflow_crystal_walls, first_ration
D:3:      layout_loops_ring, gup_sewer_entry_bowl, uniq_ijyb
D:4:      layout_basic, kiku_gazebo_garden_becter, uniq_duvessa

Skill      XL: |  1  2  3  4  5  6  7 |
---------------+----------------------+-----
Spellcasting   | 5 |  5.6
Invocations    | 1 2 |  2.8
Short Blades   | 1 2 |  2.5
Long Blades    | 1 2 |  2.5
Axes           | 1 2 |  2.5
Maces & Flails | 1 2 |  2.5
Staves         | 1 2 |  2.5
Slings         | 1 2 |  2.5
Bows           | 1 2 |  2.5
Crossbows      | 1 2 |  2.5
Throwing       | 1 2 |  2.5
Stealth        | 1 2 |  2.5
Shields        | 1 2 |  2.5
Unarmed Combat | 1 2 |  2.5
Evocations     | 1 2 |  2.5
Conjurations   | 1 2 |  2.0
Hexes          | 1 2 |  2.0
Summonings     | 1 2 |  2.0
Necromancy     | 1 2 |  2.0
Translocations | 1 2 |  2.0
Transmutations | 1 2 |  2.0
Fire Magic     | 1 2 |  2.0
Ice Magic      | 1 2 |  2.0
Air Magic      | 1 2 |  2.0
Earth Magic    | 1 2 |  2.0
Poison Magic   | 1 2 |  2.0
Armour         | 3 |  3.6
Fighting       | 5 |  5.2
Polearms       | 5 |  5.2
Dodging        | 5 |  5.2
Charms         | |  5.8

Action                   |  1- 3 |  4- 6 |  7- 9 || total
-------------------------+-------+-------+-------++-------
Melee: Spear             |   106 |    37 |       ||   143
       Bite              |    10 |    22 |     7 ||    39
       Trident           |       |   182 |    51 ||   233
       Punch             |       |       |     1 ||     1
 Cast: Infusion          |     3 |       |       ||     3
       Spectral Weapon   |       |    12 |     2 ||    14
       Regeneration      |       |     5 |     1 ||     6
 Stab: Sleeping          |       |       |     1 ||     1
  Eat: Chunk             |     1 |     8 |     1 ||    10
Armor: Leather armour    |     6 |       |       ||     6
       Ring mail         |    19 |    69 |     9 ||    97
Dodge: Dodged            |    79 |   171 |    29 ||   279

Table legend:
 A = Non-vault XP
 B = Vault XP
 C = Vault XP percentage of total XP
 D = Non-vault monster count
 E = Vault monster count
 F = Vault count percentage of total count
                 A         B        C        D         E       F
            +---------+---------+-------+---------+---------+-------
      Total |     682 |     284 |  29.4 |      80 |      29 |  26.6
            +---------+---------+-------+---------+---------+-------
        D:1 |      36 |       0 |   0.0 |      22 |       0 |   0.0
        D:2 |      96 |       0 |   0.0 |      22 |       0 |   0.0
        D:3 |     189 |      53 |  21.9 |      27 |       5 |  15.6
        D:4 |     361 |       0 |   0.0 |       9 |       0 |   0.0
      Sewer |       0 |     231 | 100.0 |       0 |      24 | 100.0
            +---------+---------+-------+---------+---------+-------
